 Dungeon Crawl Stone Soup version 0.28.0 (webtiles) character file.

Game seed: 8393628187380922830

3999 Host24 the Quickloader (level 10, -1/63 HPs)
             Began as a Kobold Hunter on Feb 20, 2022.
             Was a Follower of Okawaru.
             Succumbed to a gnoll sergeant's poison
             ... on level 6 of the Dungeon.
             The game lasted 00:39:27 (12440 turns).

Host24 the Quickloader (Kobold Hunter)             Turns: 12440, Time: 00:39:28

Health: -1/63      AC:  9    Str: 13    XL:     10   Next: 46%
Magic:  13/14      EV: 21    Int: 13    God:    Okawaru [*.....]
Gold:   462        SH:  5    Dex: 16    Spells: 9/9 levels left

rFire   . . .      SeeInvis .   a - +2 hand crossbow
rCold   . . .      Faith    .   (no shield)
rNeg    . . .      Spirit   .   v - +3 robe of Clouds {*Thunder rCloud rElec}
rPois   .          Reflect  +   O - +2 helmet
rElec   +          Harm     .   z - +0 cloak
rCorr   .          Rampage  .   (no gloves)
Will    .....                   (no boots)
Stlth   ++++......              c - amulet of reflection
HPRegen 0.20/turn               (no ring)
MPRegen 0.14/turn               (no ring)

@: lethally poisoned (-1 -> -14), heroic, invisible
A: small, no large weapons, nightstalker 3
a: Renounce Religion, Heroism


You were on level 6 of the Dungeon.
You worshipped Okawaru.
Okawaru was aware of your devotion.
You visited 2 branches of the dungeon, and saw 9 of its levels.
You also visited: Sewer.

You collected 462 gold pieces.

Inventory:

Hand Weapons
 a - a +2 hand crossbow (weapon)
 s - a +0 hunting sling
 A - the +8 quarterstaff "Plog" {speed, rCorr}
   (You found it on level 5 of the Dungeon)

   Attacks with this weapon are significantly faster.
   rCorr:     It protects you from acid and corrosion.
 D - a +2 short sword of venom
 G - a +2 whip of electrocution
Missiles
 d - 135 bolts (quivered ammo)
 f - 256 stones
 g - a boomerang of dispersal
 j - 16 poisoned darts
 m - 10 boomerangs
 p - 131 sling bullets
 q - 78 arrows
 t - 2 javelins
 B - 3 large rocks
 F - a throwing net
Armour
 v - the +3 robe of Clouds (worn) {*Thunder rCloud rElec}
   (You found it on level 3 of the Dungeon)

   It occasionally creates storm clouds above nearby enemies.
   It grants its wearer immunity to clouds.
   rElec:     It insulates you from electricity.
 z - a +0 cloak (worn)
 C - a scarf of invisibility
 I - a +5 plate armour of ponderousness
 O - a +2 helmet (worn)
Jewellery
 c - an amulet of reflection (around neck)
Wands
 M - a wand of mindburst (15)
Scrolls
 i - a scroll of enchant weapon
 n - 3 scrolls of magic mapping
 o - a scroll of teleportation
 u - a scroll of immolation {unknown}
 w - a scroll of fog {unknown}
 x - a scroll of fear
 H - a scroll of amnesia {unknown}
 J - a scroll of brand weapon {unknown}
 K - a scroll of vulnerability {unknown}
 L - a scroll of enchant armour {unknown}
Potions
 b - a potion of haste
 h - a potion of brilliance
 k - 2 potions of magic
 l - a potion of resistance
 E - a potion of lignification
 N - a potion of heal wounds
Miscellaneous
 y - a condenser vane


   Skills:
 - Level 7.0(12.0) Fighting
 - Level 14.0(19.0) Crossbows
 - Level 6.0(11.0) Dodging
 - Level 1.3(6.3) Stealth
 + Level 5.4 Invocations


You had 9 spell levels left.
You didn't know any spells.
Your spell library contained the following spells:

 Spells                   Type           Power      Damage    Failure   Level
 Magic Dart               Conj           0%         1d3       30%         1
 Slow                     Hex            0%         N/A       30%         1
 Ensorcelled Hibernation  Hex/Ice        0%         N/A       43%         2
 Searing Ray              Conj           0%         2d4       43%         2
 Sublimation of Blood     Necr           0%         N/A       43%         2
 Confusing Touch          Hex            0%         N/A       67%         3
 Mephitic Cloud           Conj/Pois/Air  0%         N/A       67%         3
 Portal Projectile        Hex/Tloc       0%         N/A       67%         3
 Spider Form              Tmut/Pois      0%         N/A       67%         3
 Vampiric Draining        Necr           0%         2d6       67%         3
 Anguish                  Hex/Necr       0%         N/A       97%         4
 Fulminant Prism          Conj/Hex       0%         3d6       97%         4
 Leda's Liquefaction      Hex/Erth       0%         N/A       97%         4
 Petrify                  Tmut/Erth      0%         N/A       97%         4
 Irradiate                Conj/Tmut      0%         3d13      100%        5
 Yara's Violent Unravell  Hex/Tmut       0%         3d3       100%        5
 Enfeeble                 Hex            0%         N/A       100%        7
 Chain Lightning          Conj/Air       0%         N/A       100%        9
 Fire Storm               Conj/Fire      0%         5d1       100%        9
 Shatter                  Erth           0%         3d5*      100%        9
 Call Imp                 Summ           Unusable   N/A       N/A         2
 Call Canine Familiar     Summ           Unusable   N/A       N/A         3
 Animate Dead             Necr           Unusable   N/A       N/A         4
 Haunt                    Necr/Summ      Unusable   N/A       N/A         7
 Infestation              Necr           Unusable   N/A       N/A         8

Dungeon Overview and Level Annotations

Branches:
Dungeon (8/15)             Temple (1/1) D:7           Sewer (visited)
   Lair: D:8-11

Altars:
Ashenzari
Cheibriados
Dithmenos
Fedhas
Gozag
Hepliaklqana
Kikubaaqudgha
Makhleb
Nemelex Xobeh
Okawaru
Qazlal
Ru
Sif Muna
Trog
Uskayaw
Vehumet
Wu Jian
Xom
Yredelemnul
Zin
The Shining One

Shops:
D:4 [   D:5 !::

Annotations:
D:6 2 transporters
D:8 Erica


Innate Abilities, Weirdness & Mutations

You are small and have problems with some larger weapons.
You are completely attuned to the shadows.


Message History

You gain the combat prowess of a mighty hero.
The gnoll sergeant hits you from afar with a +5 trident of venom!
You are poisoned.
Okay, then.
Fire: 138 bolts
Press: ? - help, Q - select action, (/) - cycle Shift-Dir - straight line, f - gnoll sergeant
Aim: a gnoll sergeant, wielding a +5 trident of venom, wearing a +3 scale mail and wearing a +0 buckler (80% to hit)
You shoot a bolt. The bolt hits the gnoll sergeant.
The gnoll sergeant is lightly wounded.
You feel very sick.
The gnoll sergeant hits you from afar with a +5 trident of venom!
You are more poisoned.
Fire: 137 bolts
Press: ? - help, Q - select action, (/) - cycle Shift-Dir - straight line, f/p - gnoll sergeant
Aim: a gnoll sergeant, wielding a +5 trident of venom, wearing a +3 scale mail and wearing a +0 buckler (lightly wounded, 80% to hit)
You shoot a bolt. The gnoll sergeant blocks the bolt.
You feel extremely sick.
The gnoll sergeant completely misses you.
Fire: 136 bolts
Press: ? - help, Q - select action, (/) - cycle Shift-Dir - straight line, f/p - gnoll sergeant
Aim: a gnoll sergeant, wielding a +5 trident of venom, wearing a +3 scale mail and wearing a +0 buckler (lightly wounded, 80% to hit)
You shoot a bolt.
The bolt barely misses the gnoll sergeant.
Storm clouds gather above the gnoll sergeant.
You feel very sick.
The gnoll sergeant hits you from afar with a +5 trident of venom.
You are lethally poisoned!
You fade into invisibility!
* * * LOW HITPOINT WARNING * * *
You feel extremely sick.
The gnoll sergeant completely misses you.
* * * LOW HITPOINT WARNING * * *
You feel very sick.
* * * LOW HITPOINT WARNING * * *
You feel very sick.
You feel better.
The gnoll sergeant hits you from afar with a +5 trident of venom!
* * * LOW HITPOINT WARNING * * *
You are lethally poisoned!
You die...

#.#.#......##.#.# #...........#$
##.#.#......##.#.#
#..........©#©
...............#.#
#...........#$
.......#########.#
#.........#.#P .......#
#.......# #########.#.#8
##.#.#.###.......#########
#.#.## #.#.#..<.(..............#
#.#...
#.#.#####...g...........###.####
#.#............@............# #
#.###........###........########
#.# #.........................##
#.# #.........##........#######⌠
#.# #.......#.............#####⌠
#.# #.......#..####......>....##
#.# #...>..###..###.#####.......
#.# #.....##.##..##.#......)....
#.# #....##...##..#.#.#.#...####


You could see a gnoll sergeant.

Vanquished Creatures
  A troll (D:8)
  Prince Ribbit (D:6)
  A steam dragon (D:4)
  Menkaure (D:5)
  Duvessa (D:7)
  4 orc warriors
  4 ice beasts
  2 ogres (D:5)
  A centaur (D:6)
  3 bullfrogs
  A wyvern zombie (D:5)
  5 scorpions
  Dowan (D:7)
  6 killer bees (D:7)
  4 wights
  A howler monkey (D:6)
  3 centaur zombies
  A hound (D:5)
  9 orc priests
  4 centaur skeletons
  A gnoll shaman (D:6)
  4 iguanas
  5 orc wizards
  2 howler monkey skeletons (D:7)
  A howler monkey zombie (D:7)
  10 gnolls
  10 adders
  2 white imps
  5 worms
  A dart slug (D:3)
  18 orcs
  25 endoplasms
  7 giant cockroaches
  8 goblins
  17 hobgoblins
  6 jackals
  10 kobolds
  11 quokkas
  14 ball pythons
  10 bats
  9 frilled lizards
  12 rats
242 creatures vanquished.

Vanquished Creatures (others)
  A goblin (D:4)
1 creature vanquished.

Grand Total: 243 creatures vanquished

Notes
Turn   | Place    | Note
-------+----------+-------------------------------------------
     0 | D:1      | Host24 the Kobold Hunter began the quest for the Orb.
     0 | D:1      | Reached XP level 1. HP: 12/12 MP: 1/1
    58 | D:1      | Reached skill level 5 in Crossbows
   261 | D:1      | Reached XP level 2. HP: 16/18 MP: 2/2
   422 | D:1      | Found a faded altar of an unknown god.
   671 | D:1      | Reached XP level 3. HP: 23/23 MP: 3/3
  2001 | D:2      | Reached XP level 4. HP: 28/28 MP: 4/4
  2402 | D:2      | Reached skill level 6 in Crossbows
  3198 | D:3      | Reached XP level 5. HP: 14/32 MP: 5/5
  3725 | D:2      | Reached skill level 7 in Crossbows
  4092 | D:3      | Found the +3 robe of Clouds {*Thunder rCloud rElec}
  4178 | D:3      | Reached XP level 6. HP: 37/37 MP: 6/6
  4343 | D:4      | Reached skill level 8 in Crossbows
  4343 | D:4      | Noticed a steam dragon
  4393 | D:4      | Noticed an ice beast
  4425 | D:4      | Found Qyit's Antique Armour Boutique.
  4512 | D:4      | Found a glowing drain.
  4765 | Sewer    | Entered a sewer
  5134 | Sewer    | Reached XP level 7. HP: 37/41 MP: 7/7
  5226 | Sewer    | Reached skill level 9 in Crossbows
  5371 | D:5      | Entered Level 5 of the Dungeon
  5371 | D:5      | Found Geathob's Book Emporium.
  5769 | D:4      | Killed a steam dragon
  5770 | D:4      | Reached skill level 10 in Crossbows
  5959 | D:4      | Reached XP level 8. HP: 22/48 MP: 8/8
  6363 | D:5      | Reached skill level 5 in Fighting
  6372 | D:5      | Identified the +8 quarterstaff "Plog" {speed, rCorr}
  6414 | D:5      | Found Kywaoj's Book Shoppe.
  6428 | D:5      | Noticed Menkaure
  6434 | D:5      | Killed Menkaure
  7195 | D:5      | Found Pisutz's Distillery.
  7475 | D:5      | Reached skill level 5 in Dodging
  7819 | D:6      | Reached XP level 9. HP: 30/56 MP: 9/9
  8068 | D:6      | Found a transporter.
  8081 | D:6      | Noticed a kobold demonologist
  8174 | D:6      | Noticed Prince Ribbit
  8199 | D:6      | Killed Prince Ribbit
  8200 | D:6      | Reached skill level 11 in Crossbows
  8245 | D:6      | Found an opulent altar of Gozag.
  8519 | D:6      | Reached skill level 12 in Crossbows
  8589 | D:6      | Found a transporter.
  8884 | D:6      | Found a snail-covered altar of Cheibriados.
  8884 | D:6      | Found a sacrificial altar of Ru.
  8999 | D:6      | Found a glowing golden altar of the Shining One.
  9470 | D:7      | Reached skill level 13 in Crossbows
  9740 | D:7      | Found a basalt altar of Yredelemnul.
  9784 | D:7      | Found a staircase to the Ecumenical Temple.
  9787 | D:7      | Noticed Duvessa
  9787 | D:7      | Noticed Dowan
  9790 | Temple   | Entered the Ecumenical Temple
 10207 | Temple   | Became a worshipper of Warmaster Okawaru
 10273 | D:7      | Reached XP level 10. HP: 63/63 MP: 10/10
 10687 | D:7      | Killed Duvessa
 10688 | D:7      | Reached skill level 1 in Invocations
 10690 | D:7      | Killed Dowan
 11100 | D:7      | Found a stormy altar of Qazlal.
 11212 | D:7      | Found a hide-covered altar of Uskayaw.
 11212 | D:7      | Found an ancient bone altar of Kikubaaqudgha.
 11212 | D:7      | Found a glowing silver altar of Zin.
 11667 | D:8      | Reached * piety under Okawaru
 11668 | D:8      | Reached skill level 5 in Invocations
 12047 | D:8      | Reached skill level 14 in Crossbows
 12234 | D:8      | Noticed Erica
 12439 | D:6      | HP: 2/63 [gnoll sergeant (10)]
 12440 | D:6      | Succumbed to a gnoll sergeant's poison

Illustrated notes

Levels and vault maps discovered:
D:1:      ncdulo_halloftheorcs, layout_loops_ring, ebering_ecumenical_altar_mist
D:2:      minmay_razor_zed, layout_loops_ring, minmay_pentomino_z2
D:3:      layout_basic, minmay_fractal_squares_diagonal_5
D:4:      layout_rooms, portal_sewer_entry_d, serial_shops,
          nicolae_shop_hallway_stairs, minmay_tree_intersection
D:5:      layout_basic, serial_shops, nicolae_stop_n_shop_1, shop_fountains,
          kennysheep_mini_moat, uniq_menkaure
D:6:      gammafunk_wand_slinger, layout_basic, tso_metal_star,
          mainiacjoe_overflow_small_starburst, gammafunk_temple_overflow_wave,
          uniq_prince_ribbit1
D:7:      layout_rooms, nicolae_overflow_hidden_temple, grunt_qazlal_clouds,
          gammafunk_temple_overflow_claw, minmay_temple_entry_junction,
          minmay_misc_feat_doors, uniq_duvessa
D:8:      layout_layer_cave, nrook_pool_corridor, uniq_erica
Temple:   minmay_temple_forest_path

Skill      XL: |  1  2  3  4  5  6  7  8  9 10 |
---------------+-------------------------------+-----
Crossbows      | 5 6 7 8 10 13 14 | 14.0
Fighting       | 3 6 7 |  7.0
Dodging        | 3 5 6 |  6.0
Invocations    | 5 |  5.4
Stealth        | |  1.3

Action                   |  1- 3 |  4- 6 |  7- 9 | 10-12 || total
-------------------------+-------+-------+-------+-------++-------
Melee: Short sword       |    47 |       |     5 |       ||    52
       Dagger            |    58 |   193 |    26 |       ||   277
       Punch             |       |     3 |     1 |       ||     4
       Quarterstaff      |       |       |    72 |    45 ||   117
 Fire: Hand crossbow     |     2 |    38 |   129 |    54 ||   223
Invok: Heroism           |       |       |       |     1 ||     1
  Use: Scroll            |       |       |    11 |     2 ||    13
       Potion            |       |       |     3 |     2 ||     5
 Stab: Sleeping          |    12 |    15 |     3 |     2 ||    32
Armor: Leather armour    |    18 |    15 |       |       ||    33
       Robe              |       |    23 |    19 |     8 ||    50
Dodge: Dodged            |    77 |   173 |   117 |    53 ||   420
Block: Other             |       |       |       |     9 ||     9
